 Dungeon Crawl Stone Soup version 0.28-a0-823-gb444dcf96d (webtiles) character file.

Game seed: 11816198084996088911

181 bande the Covered (level 5, 0/33 HPs)
             Began as a Gargoyle Fighter on Nov 9, 2021.
             Killed from afar by an orc wizard (4 damage)
             ... with a magic dart
             ... on level 3 of the Dungeon.
             The game lasted 00:03:00 (2637 turns).

bande the Covered (Gargoyle Fighter)                Turns: 2637, Time: 00:03:01

Health: 0/33       AC: 12    Str: 21    XL:     5   Next: 61%
Magic:  5/5        EV:  9    Int:  8    God:
Gold:   89         SH:  4    Dex:  9    Spells: 4/4 levels left

rFire   . . .      SeeInvis .   a - +1 war axe
rCold   . . .      Faith    .   c - +0 buckler
rNeg    + . .      Spirit   .   b - +0 scale mail
rPois   ∞          Reflect  .   (no helmet)
rElec   +          Harm     .   (no cloak)
rCorr   .          Rampage  .   (no gloves)
Will    .....                   f - +0 pair of boots
Stlth   ..........              (no amulet)
HPRegen 0.11/turn               (no ring)
MPRegen 0.09/turn               (no ring)

@: no status effects
A: sickness immunity, AC +4, negative energy resistance 1, electricity
resistance, torment resistance 1, petrification resistance
a: no special abilities


You were on level 3 of the Dungeon.
You visited 1 branch of the dungeon, and saw 3 of its levels.

You collected 89 gold pieces.

Inventory:

Hand Weapons
 a - a +1 war axe (weapon)
 j - a +0 war axe
Armour
 b - a +0 scale mail (worn)
 c - a +0 buckler (worn)
 f - a +0 pair of boots (worn)
Jewellery
 g - a ring of ice
Scrolls
 i - a scroll of enchant weapon
 l - a scroll of torment {unknown}
Potions
 d - a potion of might
 e - 4 potions of heal wounds
 h - a potion of curing {unknown}
 k - a potion of mutation {unknown}


   Skills:
 + Level 4.0 Fighting
 + Level 3.7 Axes
 + Level 4.2 Armour
 + Level 3.9 Shields


You had 4 spell levels left.
You didn't know any spells.
Your spell library was empty.

Dungeon Overview and Level Annotations

Branches:
Dungeon (3/15)

Altars:


Innate Abilities, Weirdness & Mutations

You are immune to sickness and miasma.
Your stone body is resilient. (AC +4)
You are immune to poison.
You resist negative energy. (rN+)
You are resistant to electric shocks. (rElec)
You are resistant to unholy torment.
You are immune to petrification.


Message History

Unknown command.
You hit something. You barely miss the orc. Something hits you.
The orc closely misses you. Something hits you but does no damage.
You slash the orc!
You kill the orc!
You hit the orc. You closely miss something.
The orc hits you with a +0 short sword. Something hits you but does no damage.
Unknown command.
You hear some strange, mumbled words.
A puff of flame appears from out of thin air!
The puff of flame hits you.
* * * LOW HITPOINT WARNING * * *
Things that are here:
a +1 dagger of electrocution; a +0 short sword; a +0 hand axe You hit the orc.
You kill the orc!
You hit something but do no damage. Something hits you but does no damage.
Something hits you but does no damage.
Things that are here:
a +0 short sword; a +0 leather armour Something completely misses you.
You hear some strange, mumbled words.
Something tries to affect you, but you resist.
Things that are here:
a +0 short sword; a +0 leather armour You miss something.
Something hits you but does no damage.
You closely miss something. Something hits you but does no damage.
Something hits you.
* * * LOW HITPOINT WARNING * * *
You barely miss something. Something hits you but does no damage.
You miss something. Something hits you.
* * * LOW HITPOINT WARNING * * *
You miss something.
You hear some strange, mumbled words.
A magic dart appears from out of thin air!
The magic dart hits you but does no damage.
You hear some strange, mumbled words.
A magic dart appears from out of thin air!
The magic dart hits you.
You die...

#..........##
####........#
#........#
.########........#
..................(
#....###+##+###...
#.=......... .#
#........... #
#.@{........
#.).........
#.#.........
#.#.........
#.#........#
#.#.......
#.#.......
#.#.......
#?#.......


There were no monsters in sight!

Vanquished Creatures
  A phantom (D:3)
  Jessica (D:2)
  An orc wizard (D:3)
  7 orcs (D:3)
  A ball python (D:2)
  4 endoplasms (D:1)
  3 giant cockroaches
  2 goblins (D:2)
  4 hobgoblins
  6 jackals
  3 quokkas
  A bat (D:2)
  5 frilled lizards
  2 kobolds (D:2)
  4 rats
  A butterfly (D:2)
46 creatures vanquished.

Vanquished Creatures (others)
  7 plants
7 creatures vanquished.

Grand Total: 53 creatures vanquished

Notes
Turn   | Place    | Note
-------+----------+-------------------------------------------
     0 | D:1      | bande the Gargoyle Fighter began the quest for the Orb.
     0 | D:1      | Reached XP level 1. HP: 14/14 MP: 1/1
   162 | D:1      | Reached XP level 2. HP: 13/19 MP: 2/2
   265 | D:1      | Found a faded altar of an unknown god.
  1460 | D:2      | Reached XP level 3. HP: 24/24 MP: 3/3
  1518 | D:2      | Noticed Jessica
  1548 | D:2      | Killed Jessica
  1549 | D:2      | Reached XP level 4. HP: 11/29 MP: 4/4
  2608 | D:3      | Noticed a phantom
  2623 | D:3      | Killed a phantom
  2624 | D:3      | Reached XP level 5. HP: 20/33 MP: 5/5
  2637 | D:3      | Killed from afar by an orc wizard

Illustrated notes

Levels and vault maps discovered:
D:1:      dpeg_arrival_simpleton_c, layout_loops_ring,
          shapermc_ecumenical_altar_flowoftime, grunt_decor_arrowhead,
          minmay_hedge_maze, serial_bayou_lagoon_b
D:2:      layout_basic, hangedman_glass_garden, grunt_ministairs_2, uniq_jessica
D:3:      layout_basic, nicolae_vehumet_radiance, st_stairs_12

Skill      XL: |  1  2  3  4 |
---------------+-------------+-----
Axes           | 2 3 |  3.7
Fighting       | 4 |  4.0
Armour         | 4 |  4.2
Shields        | |  3.9

Action                   |  1- 3 |  4- 6 || total
-------------------------+-------+-------++-------
Melee: War axe           |   156 |    47 ||   203
  Use: Scroll            |     4 |       ||     4
Armor: Scale mail        |    44 |    36 ||    80
Dodge: Dodged            |    33 |    21 ||    54
Block: Buckler           |    19 |     9 ||    28

Table legend: (Time is in decaauts)
 A = Elapsed time spent in this place.
 B = Non-inter-level travel time spent in this place.
 C = Inter-level travel time spent in this place.
 D = Time resting spent in this place.
 E = Time spent auto-exploring this place.
 F = Levels seen in this place.
 G = Mean time per level.
                   A        B        C        D        E       F      G
               +--------+--------+--------+--------+--------+-----+--------+
         Total |   2742 |   2723 |     19 |    396 |   1799 |   3 |  914.0 |
       Dungeon |   2742 |   2723 |     19 |    396 |   1799 |   3 |  914.0 |
               +--------+--------+--------+--------+--------+-----+--------+

Top non-repeatable levels by time:
     D:1: 1307 daAuts
     D:2: 1247 daAuts
     D:3: 187 daAuts
